Map: Thunderbird LE

Players

Clem - Winner!

  • Race: Terran Terran
  • League: Master
  • Spawn Location: 11:00

Zanster

  • Race: Zerg Zerg
  • Spawn Location: 5:00

Event: HomeStory Cup XX

VOD

Have the link to the VOD?

Description

Time

  • Played on: Nov. 22, 2019, 5:24 a.m.
  • Length: 17:08

All games in this series

Show
View Real Time Build Order
Export as new Build Order

Clem Terran - Winner!

Build Orders: Reaper Expand 

Get SALT Encoding   

  12  0:00  SCV  
  13  0:12  SCV  
  14  0:17  Supply Depot  
  14  0:25  SCV  
  15  0:38  SCV  
  15  0:40  Barracks  
  16  0:43  Refinery  
  16  0:50  SCV  
  17  1:02  SCV  
  18  1:15  SCV  
  19  1:27  Orbital Command, Reaper  
  20  1:39  Command Center  
  20  1:48  Supply Depot  
  20  1:53  SCV  
  21  1:59  Marine  
  22  2:05  SCV  
  22  2:07  Factory  
  23  2:16  Refinery  
  23  2:17  SCV  
  23  2:20  Barracks Reactor  
  24  2:29  SCV  
  25  2:36  Command Center  
  25  2:41  SCV  
  26  2:51  Barracks  
  26  2:54  Orbital Command  
  26  2:57  SCV  
  27  3:02  Hellion  
  29  3:07  Hellion  
  29  3:09  Barracks Tech Lab  
  29  3:12  SCV  
  32  3:19  SCV  
  33  3:20  Refinery  
  33  3:23  Hellion  
  33  3:24  SCV  
  36  3:30  Marine, Stimpack  
  36  3:33  SCV  
  38  3:40  SCV  
  39  3:45  SCV  
  40  3:50  Marine, Orbital Command  
  40  3:52  SCV  
  40  3:53  Marine x2  
  44  3:56  Starport  
  44  3:57  SCV  
  44  4:02  Factory Reactor  
  45  4:04  SCV  
  45  4:07  Refinery  
  45  4:08  Marine  
  45  4:09  SCV  
  48  4:14  Marine  
  48  4:15  Marine  
  48  4:16  SCV  
  51  4:17  SCV  
  51  4:18  Supply Depot  
  51  4:21  SCV  
  53  4:28  SCV  
  53  4:29  SCV  
  53  4:30  Marine  
  56  4:33  SCV  
  56  4:35  Marine x2  
  56  4:38  Supply Depot  
  59  4:40  SCV  
  59  4:44  Supply Depot  
  59  4:45  Medivac x2  
  64  4:46  Factory Tech Lab  
  64  4:47  SCV x2  
  64  4:48  Marine  
  64  4:52  SCV  
  68  4:53  Marine  
  68  4:55  Orbital Command, Engineering Bay  
  68  4:56  Engineering Bay  
  68  4:59  SCV  
  70  5:01  Supply Depot  
  70  5:04  Refinery  
  70  5:06  Barracks  
  70  5:07  Siege Tank  
  70  5:09  SCV  
  70  5:11  SCV  
  75  5:14  Marine x2  
  75  5:18  Marine, Combat Shield  
  78  5:21  SCV x2  
  78  5:24  SCV  
  78  5:25  Terran Infantry Weapons Level 1  
  80  5:31  Supply Depot  
  80  5:32  Marine x2  
  80  5:33  SCV  
  80  5:34  Terran Infantry Armor Level 1  
  84  5:35  SCV  
  84  5:45  Marine, Barracks  
  84  5:47  Barracks, SCV  
  84  5:49  Siege Tank  
  89  5:53  Marine x2  
  89  5:54  SCV  
  92  6:00  Medivac  
  92  6:01  Supply Depot  
  92  6:03  Marine  
  96  6:05  Armory  
  96  6:09  SCV x2  
  89  6:12  Marine x2  
  89  6:13  Supply Depot  
  89  6:14  Barracks Reactor  
  89  6:15  SCV  
  91  6:19  Medivac  
  91  6:21  SCV x2  
  95  6:27  Supply Depot, SCV  
  95  6:28  Marine  
  95  6:29  Refinery x2, Factory  
  95  6:30  Marine x2  
  99  6:33  Marine, SCV, Barracks Reactor  
  99  6:34  SCV  
  103  6:40  SCV  
  103  6:44  Supply Depot  
  103  6:45  Siege Tank, SCV  
  103  6:46  Marine, SCV  
  109  6:48  Marine  
  109  6:50  Marine  
  112  6:56  Barracks Reactor  
  112  6:58  Command Center  
  112  6:59  Drilling Claws  
  111  7:03  Marine x2, SCV  
  111  7:05  SCV  
  115  7:14  Marine x4  
  115  7:15  Factory Reactor  
  118  7:18  Widow Mine, SCV x2  
  118  7:20  Terran Vehicle And Ship Armor Level 1  
  122  7:25  Medivac  
  122  7:26  Supply Depot  
  122  7:27  Marine  
  122  7:28  Marine  
  122  7:29  Medivac  
  128  7:30  SCV  
  128  7:34  SCV  
  128  7:36  SCV  
  123  7:39  Widow Mine  
  123  7:40  Marine  
  123  7:41  Terran Infantry Weapons Level 2  
  123  7:42  Terran Infantry Armor Level 2, SCV  
  123  7:43  Marine  
  122  7:44  Marine  
  122  7:45  Marine  
  122  7:50  Marine x4  
  128  7:53  Widow Mine x2  
  128  7:57  Missile Turret  
  132  7:59  Missile Turret  
  132  8:02  Missile Turret  
  132  8:04  Supply Depot  
  132  8:06  Thor  
  132  8:09  Marine x3  
  132  8:11  Marine  
  132  8:12  Marine  
  143  8:17  Widow Mine x2, Marine x3  
  143  8:18  Marine  
  151  8:22  Medivac  
  151  8:24  Medivac  
  151  8:27  Marine x2, Planetary Fortress  
  156  8:36  SCV x2  
  156  8:37  Barracks  
  156  8:38  Widow Mine, Barracks  
  156  8:39  Barracks  
  160  8:44  Supply Depot  
  160  8:48  Missile Turret  
  160  8:49  Widow Mine  
  160  8:52  Marine x2, Supply Depot  
  164  9:02  Supply Depot  
  164  9:06  Marine x4, Widow Mine, Concussive Shells, SCV x2  
  164  9:08  Supply Depot  
  172  9:11  Marine  
  172  9:12  SCV  
  172  9:13  Marine  
  172  9:14  Widow Mine x2, Marauder  
  172  9:15  SCV  
  172  9:16  Marine  
  180  9:23  SCV  
  175  9:27  Marine x5  
  175  9:28  Marine, Widow Mine  
  172  9:33  Marine  
  172  9:34  Marine  
  172  9:35  Marauder, Widow Mine x2  
  170  9:40  Marine x3  
  170  9:43  SCV x2  
  170  9:45  Marine x4  
  163  9:47  Missile Turret  
  163  9:48  SCV  
  163  9:49  SCV  
  163  9:51  Refinery  
  167  9:55  SCV x2  
  167  9:56  Marauder, Missile Turret  
  171  10:00  Barracks Tech Lab x3, SCV  
  171  10:02  Marine x4  
  176  10:08  Terran Infantry Weapons Level 3  
  176  10:10  SCV  
  176  10:14  Terran Infantry Armor Level 3  
  177  10:18  Marauder, Widow Mine  
  177  10:19  Widow Mine  
  177  10:21  Widow Mine  
  185  10:24  Marauder x3  
  191  10:37  Marine  
  191  10:39  Marauder, Marine  
  191  10:40  Marine, Command Center  
  196  10:46  Supply Depot  
  196  10:48  Refinery  
  196  10:49  Marine  
  195  10:50  Refinery  
  196  10:59  Terran Vehicle And Ship Armor Level 2  
  196  11:00  Command Center  
  196  11:05  Marine  
  196  11:06  Marine  
  196  11:07  Widow Mine, Marauder  
  196  11:08  Marine x2, Widow Mine  
  200  11:11  Marauder  
  200  11:12  Marine  
  199  11:21  Marauder, Widow Mine  
  191  11:26  Marine, Marauder  
  191  11:28  Widow Mine  
  191  11:29  Marauder  
  191  11:31  Widow Mine  
  182  11:38  Marine x4  
  182  11:39  Marauder, Marine x3  
  160  11:42  Marauder, Widow Mine  
  159  11:48  Marine, Marauder  
  159  11:50  Widow Mine  
  159  11:51  Liberator  
  159  11:53  Marauder  
  160  11:54  Liberator  
  160  11:56  Marine x2  
  160  12:00  Starport  
  161  12:01  Marauder, Command Center  
  161  12:02  Marine x4  
  161  12:03  Marine, Fusion Core  
  161  12:04  Marauder, Widow Mine  
  161  12:06  Starport  
  170  12:10  Marauder  
  170  12:12  Marine  
  170  12:13  Widow Mine  
  181  12:18  Thor  
  171  12:31  Planetary Fortress  
  171  12:33  Widow Mine, Marine x6, Marauder  
  171  12:34  Liberator  
  171  12:35  Marauder  
  171  12:36  Marauder  
  171  12:37  Marauder  
  185  12:42  Starport Reactor  
  182  12:45  Liberator  
  182  12:46  Starport Reactor  
  182  12:48  Widow Mine  
  183  12:55  Marauder  
  183  12:56  Marauder, Widow Mine  
  192  13:01  Widow Mine  
  196  13:06  Neosteel Armor  
  196  13:11  Liberator x2  
  196  13:12  Liberator  
  196  13:14  Widow Mine  
  196  13:17  Liberator  
  196  13:19  Planetary Fortress  
  186  13:27  Liberator  
  186  13:28  Liberator  
  186  13:29  Advanced Ballistics  
  186  13:33  Widow Mine, Marauder  
  187  13:41  Widow Mine  
  187  13:46  Orbital Command  
  187  13:48  Command Center  
  191  13:54  Liberator x2  
  186  13:55  Liberator  
  186  13:58  Widow Mine  
  184  14:10  Widow Mine, Marauder  
  184  14:13  Marine x2  
  184  14:14  Marine x2, Marauder x2  
  200  14:21  Missile Turret  
  200  14:22  Command Center  
  199  14:24  Marauder  
  199  14:29  Marine x4  
  185  14:32  Marauder  
  185  14:33  Widow Mine  
  185  14:36  Widow Mine x2  
  185  14:38  Marine x2, Liberator x2  
  180  14:39  Marauder x2  
  180  14:40  Marine x2  
  169  14:48  Marine x3, Marauder  
  169  14:52  Missile Turret  
  165  14:53  Marauder, Marine, Missile Turret  
  165  14:54  Hellion  
  165  14:56  Marine x2  
  165  14:57  Widow Mine  
  165  14:59  Ghost Academy, Liberator  
  177  15:01  Missile Turret  
  177  15:05  Missile Turret  
  177  15:07  Marauder x2  
  181  15:09  Widow Mine, Marauder  
  185  15:14  Marauder  
  185  15:16  Widow Mine  
  192  15:22  Widow Mine  
  192  15:28  Marauder x2  
  198  15:30  Widow Mine  
  198  15:32  Marine x2, Marauder  
  198  15:34  Medivac  
  195  15:38  Widow Mine, Marine x6, Marauder  
  188  15:43  Widow Mine  
  188  15:45  Command Center  
  188  15:49  Marine, Marauder  
  193  15:50  Marine x2  
  193  15:52  Orbital Command  
  193  15:53  Ghost  
  193  15:56  Supply Depot  
  197  15:58  Command Center  
  197  16:01  Medivac x2  
  197  16:02  Refinery  
  199  16:05  Refinery  
  199  16:11  Refinery, Ghost  
  198  16:12  Refinery  
  200  16:21  Ghost  
  200  16:42  Command Center  
  200  16:44  Command Center x2  
  189  16:52  Command Center  
Show
View Real Time Build Order
Export as new Build Order

Zanster Zerg 

Build Orders: Hatch First, Muta Ling Bane 

Get SALT Encoding   

  12  0:00  Drone  
  13  0:12  Overlord  
  13  0:16  Drone  
  14  0:30  Drone  
  14  0:31  Drone  
  16  0:47  Hatchery  
  15  0:51  Drone  
  15  0:54  Drone  
  17  0:57  Drone  
  18  1:09  Extractor  
  17  1:15  Spawning Pool, Drone  
  17  1:20  Drone  
  18  1:28  Drone  
  19  1:39  Drone  
  20  1:50  Drone  
  21  2:01  Queen x2  
  21  2:02  Zergling x4  
  27  2:10  Drone  
  27  2:11  Overlord  
  28  2:23  Hatchery  
  28  2:26  Drone  
  28  2:30  Metabolic Boost  
  28  2:34  Drone  
  29  2:39  Drone  
  29  2:40  Drone  
  31  2:45  Queen  
  31  2:49  Drone  
  34  2:53  Overlord  
  34  2:55  Drone  
  34  2:57  Drone  
  36  3:05  Overlord  
  36  3:15  Drone x5  
  41  3:21  Drone  
  41  3:22  Queen  
  41  3:25  Drone  
  45  3:30  Queen  
  47  3:34  Drone  
  47  3:35  Queen  
  50  3:45  Overlord  
  50  3:48  Zergling x6  
  52  3:52  Drone x4  
  52  3:54  Drone  
  58  3:56  Overlord  
  58  4:01  Overlord  
  58  4:05  Drone x3  
  60  4:11  Drone  
  60  4:12  Drone x2  
  60  4:15  Queen  
  65  4:18  Drone  
  65  4:21  Overlord  
  65  4:22  Drone  
  65  4:23  Drone  
  68  4:24  Drone x2  
  68  4:30  Overlord  
  70  4:33  Overlord  
  70  4:34  Evolution Chamber  
  70  4:35  Drone x2, Evolution Chamber  
  70  4:41  Drone x3  
  70  4:43  Extractor, Drone  
  73  4:46  Drone  
  73  4:47  Drone x3  
  73  4:52  Extractor, Lair  
  76  4:53  Extractor x2, Drone  
  76  4:54  Drone  
  76  4:57  Drone  
  76  4:58  Drone x2  
  76  4:59  Drone  
  80  5:03  Drone  
  80  5:06  Zerg Melee Weapons Level 1  
  81  5:07  Overlord  
  81  5:09  Extractor, Drone x3  
  81  5:10  Drone  
  81  5:14  Zerg Ground Armor Level 1  
  84  5:18  Drone  
  84  5:19  Drone  
  86  5:24  Hatchery  
  86  5:27  Baneling Nest  
  84  5:29  Drone x2  
  84  5:30  Zergling x2  
  84  5:31  Zergling x8  
  84  5:35  Zergling x4  
  93  5:41  Zergling x2  
  94  5:48  Zergling x10  
  94  5:49  Hatchery, Zergling x2  
  99  5:51  Overlord  
  99  5:53  Zergling x2  
  99  5:54  Zergling x4  
  100  5:59  Overlord  
  98  6:09  Zergling x2  
  98  6:10  Centrifical Hooks, Zergling x8  
  98  6:12  Baneling x2  
  98  6:13  Baneling  
  98  6:15  Drone  
  98  6:17  Spire  
  98  6:28  Zergling x24  
  98  6:29  Overlord  
  110  6:39  Drone x3  
  112  6:45  Drone  
  113  6:49  Hatchery, Spore Crawler  
  110  6:55  Baneling x8  
  110  6:57  Zergling x18  
  110  6:59  Overseer  
  119  7:06  Zergling x12  
  125  7:11  Zerg Ground Armor Level 2, Zerg Melee Weapons Level 2  
  125  7:13  Overlord  
  123  7:23  Drone x5  
  123  7:24  Drone x2  
  130  7:36  Drone  
  121  7:37  Drone x5  
  121  7:41  Drone  
  124  7:47  Zergling x6  
  124  7:48  Zergling x10  
  132  7:56  Overlord x2  
  132  8:00  Baneling x3  
  132  8:01  Baneling x3  
  132  8:05  Mutalisk x5  
  131  8:07  Mutalisk  
  131  8:11  Mutalisk x2  
  147  8:13  Overlord x2  
  147  8:16  Mutalisk x4  
  147  8:18  Zerg Flyer Weapons Level 1  
  155  8:20  Infestation Pit  
  155  8:24  Zergling x14  
  155  8:26  Baneling  
  155  8:27  Baneling x5  
  161  8:29  Hatchery  
  158  8:34  Zergling x12  
  158  8:39  Overlord  
  164  8:45  Pneumatized Carapace  
  164  8:46  Overseer  
  162  8:49  Overseer  
  162  8:55  Zergling x24  
  170  8:57  Overlord  
  170  9:00  Zergling x8  
  178  9:06  Zergling x2  
  178  9:07  Zergling x2  
  179  9:15  Baneling x12  
  169  9:20  Zergling x16  
  169  9:21  Zergling x4  
  169  9:23  Hive  
  175  9:28  Baneling x4  
  155  9:41  Baneling x9  
  132  9:47  Zergling x10  
  132  9:48  Zergling x4, Queen  
  132  9:49  Extractor, Zergling x2  
  132  9:50  Extractor  
  138  9:59  Zergling x18  
  147  10:06  Overseer  
  132  10:08  Drone x3  
  132  10:11  Hatchery  
  134  10:14  Zergling x2  
  134  10:15  Zergling x4  
  134  10:17  Zergling x8  
  134  10:18  Zergling x2  
  143  10:21  Baneling x7  
  143  10:24  Zergling x20  
  152  10:28  Overseer  
  152  10:30  Zergling x8  
  152  10:34  Zergling x2  
  157  10:40  Adrenal Glands, Zerg Ground Armor Level 3, Zerg Melee Weapons Level 3  
  157  10:41  Ultralisk Cavern  
  152  10:43  Zergling x4  
  152  10:44  Zergling x6  
  152  10:48  Zergling x2  
  158  10:52  Zergling x22  
  158  10:56  Drone  
  169  11:02  Drone  
  169  11:14  Zergling x12  
  169  11:16  Baneling x2  
  169  11:17  Baneling x5  
  163  11:19  Hatchery  
  163  11:23  Zergling x2  
  163  11:24  Zergling x22  
  163  11:25  Baneling  
  163  11:26  Baneling x4  
  141  11:34  Zergling x2  
  141  11:35  Zergling x16  
  141  11:39  Chitinous Plating  
  136  11:46  Ultralisk x2  
  135  11:47  Zergling x2  
  133  11:58  Drone  
  133  11:59  Drone x5  
  133  12:00  Drone x2  
  141  12:09  Ultralisk  
  141  12:10  Zergling x4  
  141  12:15  Baneling x9  
  148  12:16  Baneling x2  
  126  12:33  Zergling x16  
  126  12:34  Zergling x6  
  126  12:35  Zergling x16  
  137  12:48  Zergling x6, Ultralisk  
  140  12:58  Anabolic Synthesis  
  136  13:05  Zergling x12, Ultralisk x2  
  154  13:12  Baneling  
  154  13:13  Baneling x2  
  154  13:19  Zergling x22  
  160  13:29  Corruptor x2  
  160  13:32  Corruptor  
  162  13:40  Corruptor  
  162  13:41  Corruptor x4  
  150  13:45  Corruptor x2  
  150  13:48  Drone  
  146  13:56  Baneling x7  
  137  14:05  Zergling x20  
  137  14:15  Zergling x2  
  137  14:16  Zergling x22  
  143  14:21  Zergling x18  
  150  14:29  Zergling x10  
  148  14:32  Zergling x4  
  148  14:33  Queen x2  
  148  14:42  Zergling x10  
  143  14:49  Corruptor  
  143  14:50  Corruptor  
  143  14:52  Overlord x3  
  147  14:53  Overlord  
  147  14:58  Baneling x7  
  140  15:07  Hatchery  
  140  15:09  Overseer  
  140  15:10  Overseer  
  140  15:11  Overseer  
  133  15:15  Zergling x2  
  133  15:16  Zergling x24  
  133  15:19  Baneling x4  
  146  15:27  Ultralisk x2  
  145  15:37  Zergling x18  
  134  15:51  Baneling  
  134  15:52  Baneling x8  
  134  15:55  Zergling x10  
  129  16:04  Baneling x6  
  129  16:09  Hatchery  
  128  16:17  Zergling x2  
  128  16:18  Zergling x16  
  136  16:35  Baneling x4  
  136  16:40  Zergling x10  
  139  16:50  Zergling x12  
Tags
 
Add a new tag
Caveats
  • Supply blocks, unpowered buildings, or Contaminate may cause inaccurate times.
  • Supply counts are checked every 10 seconds.